 Dungeon Crawl Stone Soup version 0.21.1-1-g345015f (webtiles) character file.

358 Kagorn the Skirmisher (level 6, -1/49 HPs)
             Began as a Demonspawn Berserker on June 29, 2018.
             Was a Priest of Trog.
             Slain by Sigmund
             ... wielding a +3 scythe of venom
              (14 damage)
             ... on level 3 of the Dungeon.
             The game lasted 00:10:28 (2486 turns).

Kagorn the Skirmisher (Demonspawn Berserker)        Turns: 2486, Time: 00:10:58

Health: -1/49      AC:  5    Str: 19    XL:     6   Next: 37%
Magic:  6/6        EV: 12    Int:  9    God:    Trog [***...]
Gold:   125        SH:  0    Dex: 12    Spells: 5/5 levels left

rFire    . . .     SeeInvis .   a - +0 hand axe
rCold    + . .     Gourm    .   (no shield)
rNeg     . . .     Faith    .   i - +0 ring mail (curse)
rPois    .         Spirit   .   (no helmet)
rElec    .         Reflect  .   (no cloak)
rCorr    .         Harm     .   (no gloves)
MR       .....                  (boots unavailable)
Stlth    +.........             e - amulet of regeneration
HPRegen  0.56/turn              (no ring)
MPRegen  0.10/turn              (no ring)

@: lethally poisoned (-1 -> -13)
A: claws 1, talons 3, cold resistance 1
a: Berserk, Trog's Hand, Burn Spellbooks, Renounce Religion


You were on level 3 of the Dungeon.
You worshipped Trog.
Trog was most pleased with you.
You were not hungry.

You visited 1 branch of the dungeon, and saw 3 of its levels.

You collected 125 gold pieces.

Inventory:

Hand Weapons
 a - a +0 hand axe (weapon)
Armour
 b - a +0 animal skin
 i - a cursed +0 ring mail (worn)
 o - a +0 plate armour
Jewellery
 e - an amulet of regeneration (around neck)
Scrolls
 d - a scroll of remove curse {unknown}
 f - a scroll of random uselessness {unknown}
 g - 2 scrolls of immolation {unknown}
 h - a scroll of noise {unknown}
 j - 3 scrolls of teleportation {unknown}
 k - a scroll of magic mapping {unknown}
 l - 2 scrolls of blinking {unknown}
 s - 3 scrolls of identify {unknown}
Potions
 m - 2 potions of lignification {unknown}
 n - 5 potions of flight {unknown}
 p - 2 potions of heal wounds {unknown}
 q - a potion of agility {unknown}
 r - a potion of magic {unknown}
 u - a potion of berserk rage {unknown}
Books
 t - a book of Changes

   Spells                             Type                      Level
   a - Beastly Appendage              Transmutation                1
   b - Sticks to Snakes               Transmutation                2
   c - Spider Form                    Transmutation/Poison         3
   d - Ice Form                       Ice/Transmutation            4
   e - Blade Hands                    Transmutation                5
   Trog disapproves of the use of such an item.
Comestibles
 c - 3 rations


   Skills:
 * Level 4.7 Fighting
 * Level 4.1 Axes
 + Level 2.8 Armour
 + Level 2.7 Dodging
 + Level 2.0 Stealth


You had 5 spell levels left.
You didn't know any spells.

Dungeon Overview and Level Annotations

Branches:
Dungeon (3/15)

Altars:
Ashenzari
Elyvilon
Makhleb
Ru
Uskayaw
Xom
Zin
The Shining One

Annotations:
D:3 Sigmund


Innate Abilities, Weirdness & Mutations

You have sharp fingernails.
You have claws for feet.
Your flesh is cold resistant. (rC+)


Message History

You feel sick. The orc barely misses you. Something barely misses you.
You slash the orc!
You kill the orc!
Trog accepts your kill.
You feel sick.
The jackal bites you but does no damage.
You hit the jackal.
You kill the jackal!
Trog accepts your kill.
You feel sick. Something hits you!
* * * LOW HITPOINT WARNING * * *
You are more poisoned.
You hit the leopard gecko but do no damage.
You claw the leopard gecko.
The leopard gecko is moderately wounded.
* * * LOW HITPOINT WARNING * * *
You feel sick.
The leopard gecko completely misses you.
Something hits you!
You die...

.... ...# #..
#.#
#####)####.##
#...w.......#
#.##h{####..#
#l## #@# #.##
# #..## #.
#...##
#.#.###.###.#
... #.....#
###.###.#####
##...## ##.##


You could see a worm, a leopard gecko and a jackal.

Vanquished Creatures
  Grinder (D:3)
  3 gnolls (D:3)
  4 adders
  2 worms
  3 dart slugs
  A leopard gecko (D:2)
  2 orcs (D:3)
  7 bats
  5 giant cockroaches
  8 goblins
  9 hobgoblins
  10 jackals
  2 quokkas (D:2)
  A ball python (D:2)
  5 frilled lizards
  8 kobolds
  6 rats
77 creatures vanquished.

Notes
Turn   | Place    | Note
-------+----------+-------------------------------------------
     0 | D:1      | Kagorn the Demonspawn Berserker began the quest for the Orb.
     0 | D:1      | Reached XP level 1. HP: 18/18 MP: 1/1
   314 | D:1      | Gained mutation: Your flesh is cold resistant. (rC+) [demonic ancestry]
   314 | D:1      | Reached XP level 2. HP: 6/24 MP: 2/2
   895 | D:1      | Gained mutation: You have sharp toenails. [demonic ancestry]
   895 | D:1      | Reached XP level 3. HP: 29/29 MP: 3/3
   909 | D:1      | Reached ** piety under Trog
  1172 | D:2      | Found a shattered altar of Ashenzari.
  1510 | D:2      | Gained mutation: You have razor-sharp toenails. [demonic ancestry]
  1510 | D:2      | Reached XP level 4. HP: 34/37 MP: 4/4
  1623 | D:2      | Found a shattered altar of Ashenzari.
  1638 | D:2      | Reached skill level 1 in Stealth
  1917 | D:2      | Found a white marble altar of Elyvilon.
  1920 | D:2      | Found a burning altar of Makhleb.
  1924 | D:2      | Found a glowing golden altar of the Shining One.
  1924 | D:2      | Found a glowing silver altar of Zin.
  1924 | D:2      | Found a sacrificial altar of Ru.
  1926 | D:2      | Found a shimmering altar of Xom.
  1928 | D:2      | Found a hide-covered altar of Uskayaw.
  2005 | D:3      | Noticed Grinder
  2042 | D:3      | Killed Grinder
  2042 | D:3      | Gained mutation: You have claws for feet. [demonic ancestry]
  2042 | D:3      | Reached XP level 5. HP: 31/43 MP: 5/5
  2042 | D:3      | Gained mutation: You have sharp fingernails. [demonic ancestry]
  2042 | D:3      | Reached XP level 6. HP: 35/49 MP: 6/6
  2299 | D:3      | Reached *** piety under Trog
  2427 | D:3      | Found a shimmering altar of Xom.
  2471 | D:3      | Noticed Sigmund
  2486 | D:3      | Slain by Sigmund

Skill      XL: |  1  2  3  4  5  6 |
---------------+-------------------+-----
Axes           | 3 4 |  4.1
Dodging        | 2 |  2.7
Armour         | 2 |  2.8
Stealth        | 1 2 |  2.0
Fighting       | 4 |  4.7

Action                   |  1- 3 |  4- 6 || total
-------------------------+-------+-------++-------
Melee: Hand axe          |   132 |   102 ||   234
       Kick              |    17 |    30 ||    47
Invok: Berserk           |       |     1 ||     1
       Trog's Hand       |       |     1 ||     1
  Eat: Chunk             |     2 |     1 ||     3
       Ration            |       |     1 ||     1
Armor: Animal skin       |    12 |       ||    12
       Ring mail         |    46 |    40 ||    86
Dodge: Dodged            |    83 |    48 ||   131
